 Dungeon Crawl Stone Soup version 0.22-a0-603-gfc1114d (webtiles) character file.

166 sking99 the Ruffian (level 5, -19/44 HPs)
             Began as a Draconian Transmuter on July 7, 2018.
             Demolished by an ogre
             ... wielding a +0 giant club
              (23 damage)
             ... on level 3 of the Dungeon.
             The game lasted 00:06:32 (4548 turns).

sking99 the Ruffian (Draconian Transmuter)          Turns: 4548, Time: 00:06:33

Health: -19/44     AC:  6    Str: 12    XL:     5   Next: 22%
Magic:  0/8        EV: 12    Int: 15    God:
Gold:   148        SH:  0    Dex: 11    Spells: 5/8 levels left

rFire    . . .     SeeInvis .     - Unarmed
rCold    . . .     Gourm    .   (no shield)
rNeg     . . .     Faith    .   (armour unavailable)
rPois    .         Spirit   .   (helmet restricted)
rElec    .         Reflect  .   (no cloak)
rCorr    .         Harm     .   (no gloves)
MR       .....                  j - +0 pair of boots
Stlth    +.........             (no amulet)
HPRegen  0.14/turn              (no ring)
MPRegen  0.11/turn              (no ring)

@: starving
A: unfitting armour, cold-blooded, AC +5
a: no special abilities


You were on level 3 of the Dungeon.
You were starving.

You visited 1 branch of the dungeon, and saw 4 of its levels.

You collected 148 gold pieces.

Inventory:

Missiles
 a - 21 arrows (quivered)
Armour
 j - a +0 pair of boots (worn)
Scrolls
 f - a scroll of enchant weapon
 g - 2 scrolls of teleportation
 h - a scroll of enchant armour
 i - 2 scrolls of amnesia
Potions
 b - a potion of magic
Comestibles
 c - 5 rations


   Skills:
 + Level 2.9 Fighting
 - Level 1.7 Dodging
 * Level 4.8 Unarmed Combat
 - Level 2.0 Spellcasting
 + Level 3.0 Transmutations


You had 5 spell levels left.
You knew the following spells:

 Your Spells              Type           Power        Failure   Level  Hunger
a - Beastly Appendage     Tmut           ##....       6%          1    #......
b - Sticks to Snakes      Tmut           ##......     10%         2    ###....

Your spell library contained the following spells:

 Spells                   Type           Power        Failure   Level  Hunger
 Spider Form              Tmut/Pois      #.........   34%         3    ###....
 Blade Hands              Tmut           ##........   87%         5    ######.
 Ice Form                 Ice/Tmut       #.......     75%         4    #####..


Dungeon Overview and Level Annotations

Branches:
Dungeon (4/15)
 Temple: D:4-7

Altars:


Innate Abilities, Weirdness & Mutations

Your plain brown scales are hard. (AC +5)
You cannot fit into any form of body armour.
You are cold-blooded and may be slowed by cold attacks.


Message History

Your ball python bites the ogre.
You barely miss the ogre.
You tail-slap the ogre, but do no damage.
The ogre is severely wounded.
The ogre barely misses you.
Your ball python bites the ogre.
You hit the ogre.
You tail-slap the ogre, but do no damage.
The ogre is severely wounded.
The ogre hits you with a giant club!!
Ouch! That really hurt!
* * * LOW HITPOINT WARNING * * *
Your ball python bites the ogre.
You hit the ogre but do no damage.
The ogre is severely wounded.
Your ball python bites the ogre but does no damage.
You closely miss the ogre. You tail-slap the ogre.
The ogre is almost dead.
The ogre hits you with a giant club!!
Ouch! That really hurt!
You die...

#####.##.#
#.#.#..
#.##.###
#.#<#..
#.##...#
#.#.#.#
#.####.#
#.#.#.. #.#
#.# #.#.###
######.## #.#
#.#....
#.......# #.#
#.#####
#.####.S###.#
#......
#.##..O@..#.#
#######
#.##.####.#.#
#.##......#.#
#.#########.#
#.......>...#
#############


You could see an ogre and a friendly ball python.

Vanquished Creatures
  An orc priest (D:3)
  7 adders
  An ooze (D:3)
  A dart slug (D:2)
  3 leopard geckos
  5 orcs
  3 giant cockroaches
  5 goblins
  6 hobgoblins
  5 jackals
  A quokka (D:2)
  6 bats
  5 frilled lizards
  7 kobolds
  A quokka skeleton (D:4)
  4 rats
61 creatures vanquished.

Vanquished Creatures (collateral kills)
  A hobgoblin (D:2)
1 creature vanquished.

Grand Total: 62 creatures vanquished

Notes
Turn   | Place    | Note
-------+----------+-------------------------------------------
     0 | D:1      | sking99 the Draconian Transmuter began the quest for the Orb.
     0 | D:1      | Reached XP level 1. HP: 16/16 MP: 3/3
   223 | D:1      | Reached XP level 2. HP: 10/23 MP: 5/5
   410 | D:1      | Learned a level 2 spell: Sticks to Snakes
  1805 | D:2      | Reached XP level 3. HP: 29/29 MP: 6/6
  2243 | D:2      | Reached skill level 4 in Unarmed Combat
  2401 | D:2      | Reached XP level 4. HP: 36/36 MP: 7/7
  3571 | D:3      | Reached XP level 5. HP: 42/42 MP: 6/8
  4194 | D:4      | Noticed an ogre
  4548 | D:3      | Demolished by an ogre

Vault maps used:
D:1:      dpeg_arrival_pits
D:2:      first_ration, minmay_misc_feat_room
D:4:      eat_drink_and_be_merry_uskayaw, uniq_robin, uniq_duvessa, uniq_edmund

Skill      XL: |  1  2  3  4  5 |
---------------+----------------+-----
Fighting       | 2 |  2.9
Unarmed Combat | 4 |  4.8
Transmutations | 3 |  3.0
Dodging        | |  1.7
Spellcasting   | |  2.0

Action                   |  1- 3 |  4- 6 || total
-------------------------+-------+-------++-------
Melee: Unarmed           |   120 |   117 ||   237
       Tailslap          |     8 |    11 ||    19
       Punch             |     2 |     2 ||     4
       Headbutt          |     3 |     2 ||     5
       Kick              |       |     2 ||     2
 Cast: Sticks to Snakes  |     3 |     9 ||    12
       Beastly Appendage |     3 |     4 ||     7
  Use: Scroll            |       |     6 ||     6
 Stab: Sleeping          |     2 |       ||     2
       Distracted        |     1 |       ||     1
  Eat: Chunk             |     2 |     5 ||     7
       Ration            |     1 |       ||     1
Armor: Skin              |    37 |    36 ||    73
Dodge: Dodged            |    66 |    60 ||   126

Table legend:
 A = Spawn XP
 B = Non-spawn XP
 C = Spawn XP percentage of total XP
 D = Spawn monster count
 E = Non-spawn monster count
 F = Spawn count percentage of total count
 G = Total turns spent on level
                    A         B        C        D         E        F      G
               +---------+---------+-------+---------+---------+-------+---------
         Total |       0 |     238 |   0.0 |       0 |      62 |   0.0 |  4548
               +---------+---------+-------+---------+---------+-------+---------
           D:1 |       0 |      40 |   0.0 |       0 |      24 |   0.0 |  1776
           D:2 |       0 |      76 |   0.0 |       0 |      17 |   0.0 |  1147
           D:3 |       0 |     115 |   0.0 |       0 |      18 |   0.0 |  1579
           D:4 |       0 |       7 |   0.0 |       0 |       3 |   0.0 |    46
               +---------+---------+-------+---------+---------+-------+---------
